 Dungeon Crawl Stone Soup version 0.21.1-1-g345015f (console) character file.

426 fly the Poker (level 6, -15/62 HPs)
             Began as an Ogre Fighter on May 23, 2018.
             Was a Believer of Vehumet.
             Demolished by an ogre
             ... wielding a +0 giant spiked club
              (28 damage)
             ... on level 4 of the Dungeon.
             The game lasted 00:06:39 (4678 turns).

fly the Poker (Ogre Fighter)                        Turns: 4678, Time: 00:06:40

Health: -15/62     AC:  4    Str: 21    XL:     6   Next: 97%
Magic:  10/10      EV:  8    Int: 10    God:    Vehumet [**....]
Gold:   276        SH:  8    Dex:  9    Spells: 10/11 levels left

rFire    . . .     SeeInvis .   w - +0 blowgun
rCold    . . .     Gourm    .   v - +0 shield
rNeg     . . .     Faith    .   y - +0 robe
rPois    .         Spirit   .   (helmet restricted)
rElec    .         Reflect  .   q - +0 cloak
rCorr    .         Harm     .   (gloves unavailable)
MR       .....                  (boots unavailable)
Stlth    +.........             g - amulet of magic regeneration
HPRegen  0.20/turn              (no ring)
MPRegen  0.37/turn              (no ring)

@: no status effects
A: large, unfitting armour, tough skin 1
a: Renounce Religion


You were on level 4 of the Dungeon.
You worshipped Vehumet.
Vehumet was pleased with you.
You were not hungry.

You visited 1 branch of the dungeon, and saw 4 of its levels.

You collected 276 gold pieces.

Inventory:

Hand Weapons
 a - a +0 trident
 w - a +0 blowgun (weapon)
Missiles
 p - 20 poisoned needles (quivered)
Armour
 q - a +0 cloak (worn)
 v - a +0 shield (worn)
 y - a +0 robe (worn)
Jewellery
 g - an amulet of magic regeneration (around neck)
Wands
 o - a wand of enslavement (20)
Scrolls
 b - 3 scrolls of remove curse
 e - 2 scrolls of fog {unknown}
 i - 2 scrolls of magic mapping {unknown}
 j - a scroll of amnesia {unknown}
 l - 3 scrolls of enchant weapon {unknown}
Potions
 c - a potion of resistance
 d - 3 potions of might
 h - 3 potions of brilliance {unknown}
 k - a potion of degeneration
 m - a potion of haste {unknown}
 n - a potion of heal wounds
Comestibles
 f - 7 rations


   Skills:
 - Level 4.0 Fighting
 - Level 5.7 Polearms
 - Level 3.0 Dodging
 + Level 3.5 Shields
 - Level 3.1 Spellcasting


You had 10 spell levels left.
You knew the following spells:

 Your Spells              Type           Power        Failure   Level  Hunger
z - Magic Dart            Conj           #...         65%         1    #......


Dungeon Overview and Level Annotations

Branches:
Dungeon (4/15)
 Temple: D:4-7

Altars:
Cheibriados
Hepliaklqana
Okawaru
Vehumet

Shops:
D:4 (


Innate Abilities, Weirdness & Mutations

You are too large for most types of armour.
You have tough skin. (AC +1)


Message History

Press: ? - help, Shift-Dir - straight line, f/p - ogre
Aim: an ogre, wielding a giant spiked club (heavily wounded)
You shoot a poisoned needle.
The poisoned needle closely misses the ogre.
The ogre hits you with a giant spiked club!!
* * * LOW HITPOINT WARNING * * *
Firing (i - inventory):
p - 22 poisoned needles (quivered)
Press: ? - help, Shift-Dir - straight line, f/p - ogre
Aim: an ogre, wielding a giant spiked club (heavily wounded)
You shoot a poisoned needle.
The poisoned needle barely misses the ogre.
The ogre completely misses you.
You see here a poisoned needle.
Firing (i - inventory):
p - 21 poisoned needles (quivered)
Press: ? - help, Shift-Dir - straight line, f/p - ogre
Aim: an ogre, wielding a giant spiked club (heavily wounded)
You shoot a poisoned needle. The poisoned needle hits the ogre.
The ogre is heavily wounded.
The ogre hits you with a giant spiked club!!
You die...

..#..# #.#..# ... #.#..#
...# #.#.(# #..# #.#..# #.
#..# #....#
##.#####..####.##.###
..........##...(....######
......###[##.###@........#
##..........(# #O.#.####.#
......###.##.###..#∩#
##.#..###.##.(.(..#.#
....((....####.##.#.#
#.(#.###### #.##.#.# # #.#
#.##.#.# #O.........#
#.##.#÷#
.....#####.###....#.######


You could see an ogre.

Vanquished Creatures
  The ghost of Jaiteiro the Stinger, an amateur DEVM (D:3)
  A water moccasin skeleton (D:4)
  2 scorpions (D:4)
  A gnoll (D:1)
  9 adders
  3 oozes
  5 worms
  A dart slug (D:2)
  2 leopard geckos
  9 orcs
  A ball python (D:4)
  7 bats
  4 giant cockroaches
  7 goblins
  4 hobgoblins
  9 jackals
  4 quokkas
  8 frilled lizards
  5 kobolds
  7 rats
90 creatures vanquished.

Notes
Turn   | Place    | Note
-------+----------+-------------------------------------------
     0 | D:1      | fly the Ogre Fighter began the quest for the Orb.
     0 | D:1      | Reached XP level 1. HP: 24/24 MP: 1/1
   292 | D:1      | Reached skill level 3 in Polearms
   292 | D:1      | Reached XP level 2. HP: 10/32 MP: 2/2
   639 | D:1      | Reached XP level 3. HP: 31/39 MP: 3/3
  1039 | D:2      | Reached skill level 4 in Polearms
  1042 | D:2      | Reached XP level 4. HP: 24/48 MP: 4/4
  1394 | D:2      | Found a faded altar of an unknown god.
  1542 | D:2      | Became a worshipper of Vehumet
  1542 | D:2      | Reached * piety under Vehumet
  1542 | D:2      | Offered knowledge of Freeze by Vehumet.
  1769 | D:2      | Found an iron altar of Okawaru.
  2261 | D:3      | Reached skill level 5 in Polearms
  2264 | D:3      | Reached XP level 5. HP: 54/54 MP: 5/5
  3147 | D:3      | Found a snail-covered altar of Cheibriados.
  3475 | D:3      | Found a hazy altar of Hepliaklqana.
  3496 | D:3      | Reached ** piety under Vehumet
  3810 | D:3      | Noticed Jaiteiro's ghost (amateur DEVM)
  3845 | D:3      | Killed Jaiteiro's ghost
  3845 | D:3      | Offered knowledge of Magic Dart by Vehumet.
  3845 | D:3      | Reached XP level 6. HP: 55/62 MP: 5/9
  4270 | D:4      | Learned a level 1 spell: Magic Dart
  4381 | D:4      | Found Lekoulom's Weapon Shop.
  4678 | D:4      | Demolished by an ogre

Skill      XL: |  1  2  3  4  5  6 |
---------------+-------------------+-----
Polearms       | 3 4 5 |  5.7
Spellcasting   | 2 3 |  3.1
Dodging        | 3 |  3.0
Shields        | 3 |  3.5
Fighting       | |  4.0

Action                   |  1- 3 |  4- 6 || total
-------------------------+-------+-------++-------
Melee: Trident           |    84 |   310 ||   394
 Fire: Blowgun           |       |     8 ||     8
  Use: Scroll            |       |     5 ||     5
       Potion            |       |     4 ||     4
 Stab: Sleeping          |     1 |       ||     1
  Eat: Chunk             |       |    12 ||    12
Armor: Robe              |    23 |    47 ||    70
       Skin              |       |    12 ||    12
Dodge: Dodged            |    30 |    63 ||    93
Block: Shield            |    25 |   113 ||   138
